 Dungeon Crawl Stone Soup version 0.29.1-1-gd02db6906a (webtiles) character file.

Game seed: 11107176341578882264

1283 jempyr the Digger (level 8, -1/48 HPs)
             Began as a Gargoyle Earth Elementalist on Sept 23, 2022.
             Was a Follower of Vehumet.
             Shot with an arrow by a centaur (6 damage)
             ... on level 5 of the Dungeon.
             The game lasted 00:34:07 (5971 turns).

jempyr the Digger (Gargoyle Earth Elementalist)     Turns: 5971, Time: 00:34:08

Health: -1/48      AC: 10    Str: 19    XL:     8   Next: 55%
Magic:  12/14      EV: 12    Int: 17    God:    Vehumet [*.....]
Gold:   119        SH:  0    Dex: 10    Spells: 5/15 levels left

rFire   . . .      SeeInvis .   p - +4 scythe
rCold   + . .      Faith    .   (shield currently unavailable)
rNeg    + . .      Spirit   .   a - +0 robe
rPois   ∞          Reflect  .   B - +0 helmet
rElec   +          Harm     .   q - +0 cloak
rCorr   .          Rampage  .   x - +0 pair of gloves
Will    .....                   (no boots)
Stlth   +++.......              (no amulet)
HPRegen 0.16/turn               r - ring of protection from cold
MPRegen 0.14/turn               C - +6 ring of strength

@: no status effects
A: sickness immunity, AC +5, negative energy resistance 1, electricity
resistance, torment resistance 1, petrification resistance
a: Renounce Religion


You were on level 5 of the Dungeon.
You worshipped Vehumet.
Vehumet was aware of your devotion.
You visited 1 branch of the dungeon, and saw 5 of its levels.

You collected 189 gold pieces.
You spent 70 gold pieces at shops.

Inventory:

Hand Weapons
 d - a +0 whip
 e - a +4 long sword
 i - a +0 short sword
 l - a +1 dagger of electrocution
 p - a +4 scythe (weapon)
 s - a +0 sling
Armour
 a - a +0 robe (worn)
 q - a +0 cloak (worn)
 x - a +0 pair of gloves (worn)
 B - a +0 helmet (worn)
Magical Staves
 n - a staff of earth
Jewellery
 r - a ring of protection from cold (left hand)
 C - a +6 ring of strength (right hand)
 E - a ring of willpower
Wands
 t - a wand of mindburst (12)
Scrolls
 h - 2 scrolls of immolation {unknown}
 j - a scroll of torment {unknown}
 k - 3 scrolls of magic mapping
 u - a scroll of blinking
 v - a scroll of butterflies
 y - 2 scrolls of brand weapon {unknown}
 A - a scroll of enchant armour {unknown}
 D - a scroll of teleportation {unknown}
Potions
 b - a potion of magic
 c - a potion of degeneration {unknown}
 f - a potion of ambrosia
 g - a potion of lignification
 m - a potion of mutation
 o - 2 potions of cancellation {unknown}
 w - a potion of flight {unknown}
 z - 2 potions of attraction
 F - a potion of berserk rage {unknown}
 G - a potion of heal wounds {unknown}


   Skills:
 * Level 4.6 Fighting
 - Level 1.6 Dodging
 * Level 6.6 Stealth
 + Level 4.3 Spellcasting
 + Level 1.3 Conjurations
 * Level 2.0 Transmutations
 * Level 7.1 Earth Magic


You had 5 spell levels left.
You knew the following spells:

 Your Spells              Type           Power      Damage    Failure   Level
a - Sandblast             Erth           54%        2d13      1%          1
b - Passwall              Tmut/Erth      15%        N/A       3%          2
c - Stone Arrow           Conj/Erth      36%        3d9       9%          3
d - Petrify               Tmut/Erth      19%        N/A       22%         4

Your spell library contained the following spells:

 Spells                   Type           Power      Damage    Failure   Level
 Magic Dart               Conj           32%        1d4       9%          1
 Apportation              Tloc           6%         N/A       16%         1
 Freeze                   Ice            12%        1d4       16%         1
 Necrotise                Necr           12%        1d4       16%         1
 Summon Small Mammal      Summ           12%        N/A       16%         1
 Frozen Ramparts          Ice            6%         1d1       41%         3
 Vampiric Draining        Necr           3%         2d6       41%         3
 Agony                    Necr           3%         N/A       99%         5
 Infestation              Necr           1%         N/A       100%        8


Dungeon Overview and Level Annotations

Branches:
Dungeon (5/15)             Temple (0/1) D:5

Altars:
Elyvilon
Kikubaaqudgha
Nemelex Xobeh
Uskayaw
Vehumet
Yredelemnul

Shops:
D:3 ?


Innate Abilities, Weirdness & Mutations

You are immune to sickness and miasma.
Your stone body is resilient. (AC +5)
You are immune to poison.
You resist negative energy. (rN+)
You are resistant to electric shocks. (rElec)
You are resistant to unholy torment.
You are immune to petrification.


Message History

The human closely misses the necrophage.
Something hits you.
The centaur closely misses the human.
The centaur kicks the human but does no damage.
The human hits the centaur but does no damage.
The necrophage misses the human.
The centaur wields a +0 shortbow.
The centaur shoots an arrow.
The arrow hits you.
The necrophage hits the human but does no damage.
You hear some strange, mumbled words.
Something tries to affect you, but you resist.
The human hits the necrophage.
The centaur shoots an arrow.
The arrow hits you.
An orc comes into view. It is wielding a +0 whip.
The necrophage hits the human.
The human closely misses the necrophage.
The centaur shoots an arrow.
The arrow completely misses you.
A magic dart appears from out of thin air!
The magic dart hits you.
The human hits the necrophage.
The centaur shoots an arrow.
The arrow hits you!
* * * LOW HITPOINT WARNING * * *
The human hits the necrophage.
Things that are here:
a +1 vampiric short sword; an orc corpse
Casting: Sandblast (safe; 1% risk of failure)
Confirm with . or Enter, or press ? or * to list all spells.
Aiming: Passwall (safe; 3% risk of failure)
Press: ? - help, Dir - move target You can't see that place. [the floor.]
You hear a shout!
You begin to meditate on the wall.
You continue meditating on the rock.
The centaur shoots an arrow.
The arrow hits you.
* * * LOW HITPOINT WARNING * * *
You continue meditating on the rock.
The centaur shoots an arrow.
The arrow completely misses you. Something hits you but does no damage.
The centaur shoots an arrow.
The arrow closely misses you.
You continue meditating on the rock.
The centaur shoots an arrow.
The arrow hits you.
You die...

<...#
.....##..............
.p.##.#..##...............
#n†#..#..##........#......
#c.................#......
##.{...##...##...........#
##..$.##.....###..###....#
#...###......###..###.>.##
#....#c.......).....#..###
###..).#{@##.............#
##....#.##......##......
#...##.####...######.#.
######.## ###.#......##
#..# #.....##.....
##'####..........# #...#
#####......# #...#
.$#.....## #...##
W$.#....##


You could see a centaur.

Vanquished Creatures
  Pikel (D:4)
  Sigmund (D:2)
  A black bear (D:4)
  An ogre (D:4)
  A lemure (D:4)
  A scorpion (D:4)
  A howler monkey (D:5)
  2 hounds
  2 orc priests (D:4)
  Jessica (D:2)
  An orc wizard (D:4)
  Robin (D:2)
  7 adders
  6 worms
  3 dart slugs
  21 orcs
  8 bats
  4 endoplasms
  5 giant cockroaches
  12 goblins
  13 hobgoblins
  2 jackals (D:1)
  5 quokkas
  5 ball pythons
  4 frilled lizards
  A goblin skeleton (D:5)
  A jackal skeleton (D:5)
  10 kobolds
  8 rats
129 creatures vanquished.

Vanquished Creatures (others)
  An orc (D:5)
  A quokka (D:4)
2 creatures vanquished.

Grand Total: 131 creatures vanquished

Notes
Turn   | Place    | Note
-------+----------+-------------------------------------------
     0 | D:1      | jempyr the Gargoyle Earth Elementalist began the quest for
                  | the Orb.
     0 | D:1      | Reached XP level 1. HP: 10/10 MP: 3/3
   153 | D:1      | Reached XP level 2. HP: 16/16 MP: 0/5
   229 | D:1      | Learned a level 2 spell: Passwall
   256 | D:1      | Reached skill level 4 in Earth Magic
   801 | D:1      | Reached XP level 3. HP: 20/20 MP: 4/6
   956 | D:1      | Reached skill level 1 in Fighting
   983 | D:1      | Got the Collected Works on Hiemal Sinister Rites
  1384 | D:2      | Found a sparkling altar of Nemelex Xobeh.
  1386 | D:2      | Noticed Jessica
  1569 | D:1      | Learned a level 3 spell: Stone Arrow
  1810 | D:2      | Killed Jessica
  1811 | D:2      | Reached XP level 4. HP: 20/25 MP: 4/8
  2214 | D:2      | Noticed Sigmund
  2221 | D:2      | Killed Sigmund
  2222 | D:2      | Reached skill level 5 in Earth Magic
  2222 | D:2      | Reached XP level 5. HP: 31/31 MP: 1/10
  2222 | D:2      | Reached XP level 6. HP: 36/36 MP: 1/11
  2320 | D:2      | Found a faded altar of an unknown god.
  2727 | D:2      | Noticed Robin
  2734 | D:2      | Killed Robin
  2963 | D:2      | Learned a level 4 spell: Petrify
  3043 | D:3      | Found Ema Jyl's Magic Scroll Shoppe.
  3052 | D:3      | Bought a scroll of identify for 20 gold pieces
  3052 | D:3      | Bought a scroll of noise for 10 gold pieces
  3052 | D:3      | Bought a scroll of butterflies for 40 gold pieces
  3098 | D:3      | Found a radiant altar of Vehumet.
  3132 | D:3      | Became a worshipper of Vehumet
  3542 | D:3      | Found an ancient bone altar of Kikubaaqudgha.
  3824 | D:4      | Noticed a black bear
  3832 | D:4      | Killed a black bear
  3872 | D:4      | Reached XP level 7. HP: 7/41 MP: 12/12
  4190 | D:4      | Noticed Pikel
  4558 | D:4      | Killed Pikel
  4559 | D:4      | Reached skill level 1 in Conjurations
  4559 | D:4      | Reached skill level 1 in Transmutations
  4559 | D:4      | Reached skill level 6 in Earth Magic
  4559 | D:4      | Reached XP level 8. HP: 23/48 MP: 1/14
  5111 | D:4      | Found a white marble altar of Elyvilon.
  5570 | D:4      | Reached * piety under Vehumet
  5570 | D:4      | Offered knowledge of Magic Dart by Vehumet.
  5716 | D:5      | Entered Level 5 of the Dungeon
  5761 | D:5      | Found a staircase to the Ecumenical Temple.
  5821 | D:5      | Found a runed translucent door.
  5823 | D:5      | Found a basalt altar of Yredelemnul.
  5842 | D:5      | Found a hide-covered altar of Uskayaw.
  5862 | D:5      | Reached skill level 7 in Earth Magic
  5923 | D:5      | Noticed a troll
  5971 | D:5      | Shot with an arrow by a centaur

Illustrated notes

Levels and vault maps discovered:
D:1:      dpeg_arrival_rhombi, layout_loops_corners
D:2:      layout_loops_ring, basic_altar, hellmonk_ecumenical_altar_arch_garden,
          uniq_robin, uniq_sigmund, uniq_jessica
D:3:      corexii_shack_village, layout_basic,
          mainiacjoe_overflow_cross_hatched, kiku_gazebo_garden_becter,
          serial_shops, shop
D:4:      layout_loops_ring, elyvilon_altar_4, uniq_pikel
D:5:      layout_cave_pools, nicolae_uskayaw_murder_on_the_dancefloor,
          dk_yredelemnul_ordeal, gammafunk_temple_overflow_pools,
          temple_fountains, lightli_corner_chamber

Skill      XL: |  1  2  3  4  5  6  7  8 |
---------------+-------------------------+-----
Earth Magic    | 4 5 6 7 |  7.1
Fighting       | 1 2 3 4 |  4.6
Stealth        | 3 4 6 |  6.6
Spellcasting   | 3 4 |  4.3
Conjurations   | 1 |  1.3
Transmutations | 1 2 |  2.0
Dodging        | |  1.6

Action                   |  1- 3 |  4- 6 |  7- 9 || total
-------------------------+-------+-------+-------++-------
Melee: Dagger            |     1 |       |       ||     1
       Halberd           |       |   125 |    74 ||   199
 Cast: Sandblast         |    46 |    31 |    20 ||    97
       Stone Arrow       |     3 |     3 |    12 ||    18
       Passwall          |       |       |     4 ||     4
  Use: Scroll            |       |     4 |     5 ||     9
       Potion            |       |       |     2 ||     2
 Stab: Sleeping          |     1 |    13 |     5 ||    19
       Distracted        |       |     1 |       ||     1
Armor: Robe              |     2 |    34 |    35 ||    71
Dodge: Dodged            |     8 |    69 |    52 ||   129
